 Dungeon Crawl Stone Soup version 0.32-a0-673-g3729bd50f8 (webtiles) character file.

Game seed: 1769242612631428632

144 Kaboulah the Trooper (level 5, 54/54 HPs)
             Began as an Oni Wanderer on Mar 11, 2024.
             Got out of the dungeon alive.
             The game lasted 00:13:01 (2477 turns).

Kaboulah the Trooper (Oni Wanderer)                 Turns: 2477, Time: 00:13:01

Health: 54/54      AC:  4    Str: 17    XL:     5   Next: 27%
Magic:  15/15      EV: 10    Int: 11    God:
Gold:   90         SH:  0    Dex: 11    Spells: 4/4 levels left

rFire   + . .        a - +3 quarterstaff
rCold   . . .        (shield currently unavailable)
rNeg    . . .        k - +0 robe {rF+}
rPois   .            b - +0 hat
rElec   .            j - +0 cloak
rCorr   .            (gloves unavailable)
SInv    .            (boots unavailable)
Will    .....        (no amulet)
Stlth   +            o - ring of magical power
HPRegen 0.29/turn    s - ring of flight
MPRegen 0.14/turn

%: no passive effects
@: flying
A: large, unfitting armour, horns 1, tough skin 1, double potion healing,
drunken brawling
a: no special abilities


You escaped.
You visited 1 branch of the dungeon, and saw 4 of its levels.

You collected 90 gold pieces.

Inventory:

Hand Weapons
 a - a +3 quarterstaff (weapon)
Missiles
 e - 6 javelins
 l - 4 boomerangs (quivered)
Armour
 b - a +0 hat (worn)
 j - a +0 cloak (worn)
 k - a +0 robe of fire resistance (worn)
Jewellery
 o - a ring of magical power (left hand)
 s - a ring of flight (right hand)
Scrolls
 c - 2 scrolls of fog
 f - a scroll of silence {unknown}
 i - 2 scrolls of teleportation {unknown}
 n - 3 scrolls of identify {unknown}
Potions
 d - a potion of berserk rage {unknown}
 g - a potion of haste {unknown}
 h - a potion of curing {unknown}
 m - a potion of invisibility {unknown}
 p - a potion of resistance {unknown}
 q - a potion of degeneration {unknown}
 r - a potion of lignification {unknown}
 t - a potion of attraction {unknown}
 u - a potion of brilliance {unknown}


   Skills:
 + Level 4.2 Fighting
 - Level 2.0 Staves
 + Level 2.5 Throwing
 + Level 3.7 Dodging
 - Level 1.0 Stealth
 + Level 2.6 Invocations


You had 4 spell levels left.
You didn't know any spells.
Your spell library contained the following spells:

 Spells                   Type           Power      Damage    Failure   Level
 Inner Flame              Hex/Fire       0%         N/A       71%         3
 Tukima's Dance           Hex            0%         N/A       71%         3
 Passage of Golubria      Tloc           0%         N/A       98%         4
 Irradiate                Conj/Alch      0%         3d11      100%        5
 Yara's Violent Unravell  Hex/Alch       0%         3d3       100%        5
 Ignition                 Fire           0%         3d3       100%        8


Dungeon Overview and Level Annotations

Branches:
Dungeon (4/15)
 Temple: D:4-7

Altars:
Nemelex Xobeh
Xom


Innate Abilities, Weirdness & Mutations

You are too large for most types of armour.
You have a pair of small horns on your head.
You have tough skin. (AC +1)
You gain doubled healing and magic from potions.
Whenever you drink a healing potion, you attack all around you.


Message History

Search for what [Enter for "."]? .
Unknown command.
Saving game... please wait.
Welcome back, Kaboulah the Oni Wanderer.
Press ? for a list of commands and other information.
Done exploring.
There is a stone staircase leading down here.
You fly downwards.
The endoplasm quivers.
There is a stone staircase leading up here.
Throw: 4 boomerangs
Press: ? - help, Q - select action, (/) - cycle Shift-Dir - straight line, f - endoplasm
Aim: an endoplasm (85% to hit)
Okay, then.
Unknown command.
Okay, then.
Throw: 4 boomerangs
Press: ? - help, Q - select action, (/) - cycle Shift-Dir - straight line, f - endoplasm
Aim: an endoplasm (85% to hit)
Okay, then.
The orc shouts!
You fly upwards.
There is a stone staircase leading down here.
Items here: ))) ÷.
Things that are here:
5 stones; a +5 dagger; a kobold skeleton
There is a stone staircase leading up here.
You fly upwards.
There is a stone staircase leading down here.
There is an open door here.
There is an open door here.
There is a stone staircase leading up here.
You fly upwards.
There is a stone staircase leading down here.
You see here a rat skeleton.
You reach down and open the door.
There is an open door here.
There is a staircase leading out of the dungeon here.
You can't go down here!
You have escaped!

..........#........##....#.......
............###...###............
###.#.##.#####...## ####.........
# #............#.# #.........
###.#...########.########........
##..#.......................##..#
....#.##############...#######..#
....#.# #.....'...#.....#...
..###.# #..@..#...'.....#...
..###.# #.....##.##..)..#.##
......# ######'####.####'###.#
..###.# #.......##...##......##
..###.# #.#.....##...##........
......# #.####'####.####'####..
......## #.##.....##.##.....#...
...†...# #.##.....'...#..>..##..
.......####.##.....#...#.....##..


There were no monsters in sight!

Vanquished Creatures
  A bombardier beetle (D:3)
  3 adders (D:2)
  2 dart slugs
  6 ribbon worms
  6 orcs (D:3)
  7 endoplasms
  2 giant cockroaches
  4 goblins
  7 hobgoblins
  3 jackals (D:2)
  A quokka (D:2)
  2 ball pythons
  3 bats
  7 frilled lizards
  5 kobolds
  6 rats
65 creatures vanquished.

Notes
Turn   | Place    | Note
-------+----------+-------------------------------------------
     0 | D:1      | Kaboulah the Oni Wanderer began the quest for the Orb.
     0 | D:1      | Kaboulah set off with the following items: a +3
                  | quarterstaff, a +0 hat, a scroll of fog, a +0 robe.
     0 | D:1      | Reached XP level 1. HP: 22/22 MP: 1/1
   128 | D:1      | Reached XP level 2. HP: 28/29 MP: 2/2
   175 | D:1      | Reached skill level 3 in Fighting
   215 | D:1      | Reached skill level 1 in Invocations
   507 | D:2      | Identified the +1 ring mail "Qosmu" {MP+9}
   634 | D:2      | Reached XP level 3. HP: 37/37 MP: 2/4
   676 | D:2      | Found a shimmering altar of Xom.
   969 | D:2      | Identified the +0 scale mail of Joy {rElec}
  1008 | D:2      | Reached XP level 4. HP: 43/46 MP: 5/5
  1648 | D:3      | Reached skill level 4 in Fighting
  1670 | D:3      | Reached XP level 5. HP: 51/54 MP: 6/6
  2246 | D:3      | Found a sparkling altar of Nemelex Xobeh.
  2477 | D:$      | Got out of the dungeon alive.

Illustrated notes

Levels and vault maps discovered:
D:1:      dpeg_arrival_houses_and_road, layout_rooms
D:2:      minmay_angry_zag, layout_loops_corners, basic_altar,
          hangedman_decor_clover_reticule
D:3:      layout_loops_cross, nemelex_spade_bored_becter,
          chequers_serial_rivers_large_b
D:4:      layout_rooms, gammafunk_ghost_gnarly_gnolls, nicolae_eternal_life,
          minmay_misc_feat_five

Skill      XL: |  1  2  3  4 |
---------------+-------------+-----
Dodging        | 3 |  3.7
Fighting       | 3 4 |  4.2
Invocations    | 1 2 |  2.6
Throwing       | 2 |  2.5
Staves         | |  2.0
Stealth        | |  1.0

Action                     |  1- 3 |  4- 6 || total
---------------------------+-------+-------++-------
  Melee: Quarterstaff      |    59 |    72 ||   131
         Headbutt          |     6 |    15 ||    21
  Throw: Javelin           |       |     3 ||     3
   Stab: Sleeping          |       |     3 ||     3
 Armour: Robe              |    42 |    31 ||    73
  Dodge: Dodged            |    34 |    25 ||    59

Table legend: (Time is in decaauts)
 A = Elapsed time spent in this place.
 B = Non-inter-level travel time spent in this place.
 C = Inter-level travel time spent in this place.
 D = Time resting spent in this place.
 E = Time spent auto-exploring this place.
 F = Levels seen in this place.
 G = Mean time per level.
                   A        B        C        D        E       F      G
               +--------+--------+--------+--------+--------+-----+--------+
         Total |   2504 |   2311 |    193 |     68 |   1548 |   4 |  626.0 |
       Dungeon |   2504 |   2311 |    193 |     68 |   1548 |   4 |  626.0 |
               +--------+--------+--------+--------+--------+-----+--------+

Top non-repeatable levels by time:
     D:2: 1093 daAuts
     D:3: 872 daAuts
     D:1: 536 daAuts
     D:4: 1 daAuts
